 Dungeon Crawl Stone Soup version 0.30.1-3-gfc49f6343a (webtiles) character file.

Game seed: 1885874808579854228

623 Wiggles the Chopper (level 7, -2/61 HPs)
             Began as a Minotaur Berserker on Aug 9, 2023.
             Was a Priest of Trog.
             Slain by a vampire (6 damage)
             ... on level 5 of the Dungeon.
             The game lasted 00:05:17 (2934 turns).

Wiggles the Chopper (Minotaur Berserker)            Turns: 2934, Time: 00:05:18

Health: -2/61      AC: 10    Str: 24    XL:     7   Next: 22%
Magic:  6/6        EV: 11    Int: 10    God:    Trog [***...]
Gold:   231        SH:  0    Dex: 15    Spells: 6/6 levels left

rFire   . . .        p - +0 war axe
rCold   . . .        (no shield)
rNeg    . . .        h - +0 scale mail
rPois   .            (helmet restricted)
rElec   .            k - +0 cloak
rCorr   .            n - +0 pair of gloves
SInv    .            (no boots)
Will    .....        (no amulet) Stlth
                     b - +6 ring of dexterity
HPRegen 0.30/turn    m - +6 ring of intelligence
MPRegen 0.10/turn

%: no passive effects
@: confused, on berserk cooldown, slowed, very slow
A: horns 2, retaliatory headbutt
a: Renounce Religion, Berserk, Trog's Hand


You were on level 5 of the Dungeon.
You worshipped Trog.
Trog was most pleased with you.
You visited 1 branch of the dungeon, and saw 5 of its levels.

You collected 231 gold pieces.

Inventory:

Hand Weapons
 p - a +0 war axe (weapon)
Armour
 h - a +0 scale mail (worn)
 k - a +0 cloak (worn)
 n - a +0 pair of gloves (worn)
Jewellery
 b - a +6 ring of dexterity (left hand)
 m - a +6 ring of intelligence (right hand)
 q - a ring of protection from cold
Wands
 r - a wand of flame (29)
Scrolls
 c - 3 scrolls of silence {unknown}
 f - a scroll of immolation {unknown}
 i - a scroll of teleportation {unknown}
 j - 5 scrolls of identify {unknown}
 l - a scroll of enchant weapon {unknown}
 o - a scroll of fog {unknown}
 s - a scroll of vulnerability {unknown}
Potions
 a - a potion of invisibility {unknown}
 d - 4 potions of curing {unknown}
 e - 4 potions of mutation {unknown}
 g - 2 potions of cancellation {unknown}
 t - 2 potions of degeneration {unknown}
 u - a potion of resistance {unknown}
 v - a potion of might {unknown}


   Skills:
 + Level 5.4 Fighting
 + Level 7.1 Axes
 + Level 5.7 Armour
 + Level 3.1 Dodging
 + Level 0.1 Stealth


You had 6 spell levels left.
You didn't know any spells.
Your spell library was empty.

Dungeon Overview and Level Annotations

Branches:
Dungeon (5/15)
 Temple: D:4-7

Altars:
Dithmenos
Gozag

Annotations:
D:4 3 runed translucent doors, AccursedSamuel's ghost, weakling TrFi


Innate Abilities, Weirdness & Mutations

You have a pair of horns on your head.
You reflexively headbutt those who attack you in melee.


Message History

You are exhausted.
You feel yourself slow down.
You bump into the rock wall.
The vampire draws life force from you!
The vampire is healed by the life force!
The vampire closely misses you. The vampire completely misses you.
You hear a distant slurping noise.
You're too confused to move!
The vampire closely misses you. The vampire bites you.
The vampire draws strength from your injuries!
You barely miss the vampire.
The vampire is moderately damaged.
The vampire mumbles some strange words.
The vampire flickers and vanishes!
Deactivating autopickup; reactivate with Ctrl-A.
You hear some strange, mumbled words.
You are more confused.
You barely miss something. Your headbutt misses something. Something hits you.
Something bites you but does no damage. Something hits you!
Something bites you but does no damage. Something hits you!
Something bites you.
* * * LOW HITPOINT WARNING * * *
Something draws strength from your injuries!
You hear some strange, mumbled words.
Something tries to affect you, but you resist.
Something hits you but does no damage. Something bites you but does no damage.
Things that are here:
a +0 dagger; a +0 robe You're too confused to move!
Something hits you.
* * * LOW HITPOINT WARNING * * *
Something bites you!
* * * LOW HITPOINT WARNING * * *
Something draws strength from your injuries!
Something hits you but does no damage. Something bites you but does no damage.
You bump into the rock wall.
You hear some strange, mumbled words.
You are more confused.
You miss something. Your headbutt misses something.
Something hits you but does no damage. Something bites you but does no damage.
Something hits you.
You die...

# #. #.#.#.###
........# ###.###.#
#.###.# #
#....<#########
#.######.##.)@....#
#........#?.#.###..#
####.....##.#.[#
+........#.#####
####...#.##.#.##
#..##.#.#.#.##
#.###.######.# #.#
#.#.#.#.##..# #.#
#..........#


There were no monsters in sight!

Vanquished Creatures
  A water moccasin (D:5)
  A phantom (D:4)
  A scorpion (D:4)
  A howler monkey (D:4)
  A sleepcap (D:3)
  Ijyb (D:4)
  3 orc wizards
  Robin (D:2)
  3 gnolls (D:4)
  4 adders
  A worm (D:2)
  A dart slug (D:1)
  14 orcs
  8 bats
  14 endoplasms
  4 giant cockroaches
  15 goblins
  9 hobgoblins
  5 jackals
  6 kobolds
  5 quokkas
  9 ball pythons
  5 frilled lizards
  5 rats
118 creatures vanquished.

Notes
Turn   | Place    | Note
-------+----------+-------------------------------------------
     0 | D:1      | Wiggles the Minotaur Berserker began the quest for the Orb.
     0 | D:1      | Reached XP level 1. HP: 19/19 MP: 0/0
    61 | D:1      | Reached skill level 4 in Axes
    61 | D:1      | Reached XP level 2. HP: 27/27 MP: 1/1
   404 | D:1      | Reached ** piety under Trog
   406 | D:1      | Reached XP level 3. HP: 32/33 MP: 2/2
   812 | D:2      | Found a faded altar of an unknown god.
  1103 | D:2      | Noticed Robin
  1106 | D:2      | Reached XP level 4. HP: 36/40 MP: 3/3
  1116 | D:2      | Reached skill level 5 in Axes
  1121 | D:2      | Killed Robin
  1695 | D:3      | Reached *** piety under Trog
  1728 | D:3      | Reached XP level 5. HP: 36/47 MP: 4/4
  2350 | D:4      | Found a shadowy altar of Dithmenos.
  2375 | D:4      | Reached skill level 5 in Fighting
  2436 | D:4      | Noticed Ijyb
  2439 | D:4      | Noticed a phantom
  2445 | D:4      | Killed Ijyb
  2446 | D:4      | Reached XP level 6. HP: 56/56 MP: 5/5
  2453 | D:4      | Reached skill level 6 in Axes
  2453 | D:4      | Reached skill level 5 in Armour
  2487 | D:4      | Found a runed translucent gate.
  2488 | D:4      | Found a runed translucent gate.
  2488 | D:4      | Found an opulent altar of Gozag.
  2489 | D:4      | Found a runed translucent gate.
  2493 | D:4      | Noticed AccursedSamuel's ghost (weakling TrFi)
  2816 | D:5      | Entered Level 5 of the Dungeon
  2816 | D:5      | Noticed a water moccasin
  2822 | D:5      | Killed a water moccasin
  2823 | D:5      | Reached skill level 7 in Axes
  2823 | D:5      | Reached XP level 7. HP: 61/61 MP: 6/6
  2910 | D:5      | Noticed a vampire
  2931 | D:5      | HP: 3/61 [something (7)]
  2934 | D:5      | Slain by a vampire

Illustrated notes

Levels and vault maps discovered:
D:1:      dpeg_arrival_rooms_a, layout_basic, minmay_pentomino_q4
D:2:      layout_basic, shapermc_ecumenical_altar_gd, uniq_robin
D:3:      layout_loops_ring, minmay_fractal_squares_diagonal_5
D:4:      layout_rooms, lemuel_crystal_altar, ebering_ghost_gozag, uniq_ijyb
D:5:      layout_loops_corners, lightli_temple_of_fire,
          nzn_wu_jian_contemplation, nicolae_hepliaklqana_hazy_memory,
          minmay_temple_entry_from_below_a, hangedman_feature_mirror,
          minmay_small_thing

Skill      XL: |  1  2  3  4  5  6 |
---------------+-------------------+-----
Axes           | 4 5 7 |  7.1
Fighting       | 4 5 |  5.4
Armour         | 3 4 5 |  5.7
Dodging        | 3 |  3.1
Stealth        | |  0.1

Action                     |  1- 3 |  4- 6 |  7- 9 || total
---------------------------+-------+-------+-------++-------
  Melee: Hand axe          |    86 |    93 |       ||   179
         Headbutt          |    13 |    34 |       ||    47
         Punch             |     2 |     1 |       ||     3
         War axe           |       |    65 |    11 ||    76
 Invoke: Berserk           |       |     3 |     1 ||     4
   Stab: Sleeping          |     1 |       |       ||     1
 Armour: Animal skin       |     1 |       |       ||     1
         Leather armour    |    13 |       |       ||    13
         Scale mail        |    21 |    54 |    12 ||    87
  Dodge: Dodged            |    65 |    81 |     5 ||   151
